Map: Roskalian ER

Players

Ravi

  • Race: Protoss Protoss
  • Spawn Location: 12:00

DarkShadOw

  • Race: Terran Terran
  • League: Diamond
  • Spawn Location: 11:00

Euppy

  • Race: Terran Terran
  • League: Master
  • Spawn Location: 6:00

FORTHEHORDE

  • Race: Protoss Protoss
  • League: Master
  • Spawn Location: 5:00

VOD

Have the link to the VOD?

Description

Time

  • Played on: Sept. 26, 2021, 3:08 p.m.
  • Length: 14:37
Show
View Real Time Build Order
Export as new Build Order

Ravi Protoss 

Build Orders:  

Get SALT Encoding   

  12  0:00  Probe  
  13  0:13  Probe  
  14  0:20  Pylon  
  14  0:25  Probe  
  15  0:38  Gateway  
  15  0:39  Probe (Chrono Boost)  
  16  0:49  Probe (Chrono Boost)  
  17  0:54  Probe (Chrono Boost)  
  17  0:56  Pylon  
  18  1:06  Probe  
  19  1:17  Assimilator  
  19  1:18  Probe  
  20  1:27  Cybernetics Core  
  20  1:34  Probe  
  20  1:36  Assimilator  
  21  1:54  Nexus  
  21  2:01  Probe, Warp Gate (Chrono Boost)  
  22  2:13  Pylon  
  22  2:15  Probe  
  22  2:21  Stalker (Chrono Boost)  
  23  2:28  Probe  
  26  2:40  Gateway  
  26  3:01  Robotics Facility  
  26  3:06  Pylon  
  26  3:11  Gateway  
  26  3:13  Pylon  
  26  3:21  Pylon, Probe  
  26  3:22  Probe  
  28  3:33  Probe  
  28  3:34  Probe  
  30  3:46  Stalker  
  30  3:47  Stalker  
  34  3:48  Probe x2  
  34  3:50  Observer  
  37  4:01  Probe x2  
  39  4:08  Stalker  
  41  4:11  Stalker  
  41  4:12  Stalker  
  41  4:14  Probe  
  37  4:39  Pylon, Probe x2  
  39  4:52  Probe x2  
  41  5:01  Twilight Council  
  41  5:04  Probe x2  
  43  5:07  Observer  
  43  5:09  Sentry  
  43  5:10  Sentry  
  48  5:17  Probe x2  
  48  5:20  Stalker  
  38  5:34  Probe (Chrono Boost)  
  40  5:39  Probe (Chrono Boost)  
  40  5:44  Probe (Chrono Boost)  
  41  5:56  Probe (Chrono Boost)  
  42  5:57  Forge  
  42  6:07  Probe (Chrono Boost)  
  42  6:10  Probe (Chrono Boost)  
  44  6:11  Probe (Chrono Boost)  
  44  6:12  Stalker  
  44  6:15  Stalker  
  49  6:21  Stalker  
  49  6:24  Probe  
  52  6:26  Probe  
  53  6:38  Photon Cannon  
  53  6:40  Blink (Chrono Boost)  
  43  7:22  Stalker x2  
  47  7:25  Protoss Ground Weapons Level 1 (Chrono Boost)  
  46  7:33  Probe x2  
  46  7:45  Pylon, Probe x2  
  36  7:53  Stalker x2  
  36  8:06  Probe x2  
  38  8:19  Probe (Chrono Boost)  
  39  8:25  Photon Cannon  
  39  8:26  Gateway, Probe (Chrono Boost)  
  41  8:36  Probe x2 (Chrono Boost)  
  41  8:40  Observer  
  41  8:41  Probe (Chrono Boost)  
  43  8:42  Probe  
  43  8:43  Stalker x2  
  49  8:52  Probe  
  49  8:54  Probe  
  51  9:04  Probe  
  51  9:05  Charge  
  51  9:07  Probe  
  53  9:13  Pylon, Stalker  
  53  9:16  Probe  
  56  9:19  Assimilator  
  56  9:20  Probe  
  57  9:24  Assimilator  
  57  9:28  Probe  
  58  9:32  Probe  
  47  9:42  Stalker x2  
  47  9:44  Observer  
  47  9:58  Pylon  
  43  10:08  Stalker x2  
  43  10:13  Gateway  
  47  10:16  Gateway x2  
  47  10:19  Pylon  
  47  10:35  Stalker x2  
  41  10:54  Assimilator  
  41  11:03  Gateway  
  41  11:05  Gateway  
  41  11:07  Gateway  
  41  11:08  Stalker x3  
  47  11:13  Protoss Ground Weapons Level 2 (Chrono Boost)  
  47  11:27  Stalker x2  
  46  11:41  Stalker x2  
  46  11:42  Stalker  
  50  11:48  Probe x2  
  50  11:54  Stalker x2  
  36  12:10  Stalker  
  36  12:11  Stalker x2  
  32  12:34  Pylon  
  28  12:38  Pylon  
  28  12:50  Pylon  
  28  12:54  Pylon, Stalker  
  30  13:05  Pylon  
  30  13:09  Pylon, Photon Cannon  
  30  13:12  Pylon  
  30  13:13  Stalker x3  
  36  13:22  Stalker  
  36  13:25  Observer  
  39  13:31  Pylon  
  39  13:36  Nexus  
  39  13:46  Pylon, Assimilator  
  39  13:53  Photon Cannon  
  39  13:57  Photon Cannon  
  31  14:09  Photon Cannon  
  31  14:10  Photon Cannon  
  23  14:25  Stalker x2  
Show
View Real Time Build Order
Export as new Build Order

DarkShadOw Terran 

Build Orders: Banshee Rush 

Get SALT Encoding   

  12  0:01  SCV  
  13  0:13  SCV  
  14  0:19  Supply Depot  
  14  0:25  SCV  
  15  0:33  Refinery  
  15  0:40  SCV  
  16  0:46  Barracks  
  16  0:52  SCV  
  17  1:03  Refinery  
  17  1:08  SCV  
  18  1:20  SCV  
  19  1:35  Supply Depot  
  19  1:38  Reaper  
  21  1:40  Orbital Command  
  20  2:00  Factory  
  20  2:06  SCV  
  21  2:16  Barracks Reactor  
  21  2:21  SCV  
  22  2:30  Supply Depot  
  22  2:33  SCV  
  22  2:45  SCV  
  22  2:47  Starport  
  22  2:48  Factory Tech Lab  
  22  2:57  Marine x2  
  23  3:07  Cyclone  
  23  3:08  SCV  
  27  3:17  Marine x2  
  29  3:20  SCV  
  31  3:35  Marine x2  
  31  3:38  Supply Depot  
  32  3:46  Banshee  
  35  3:48  Cloaking Field  
  35  3:49  Factory Tech Lab  
  35  3:58  SCV  
  36  4:15  Command Center  
  36  4:24  Factory Tech Lab  
  36  4:26  Stimpack  
  36  4:32  Barracks  
  36  4:38  Marine  
  37  4:44  SCV  
  38  4:47  Supply Depot  
  38  4:54  Siege Tank  
  38  4:56  Marine  
  38  4:58  SCV  
  45  5:06  Raven  
  45  5:10  SCV  
  45  5:13  Marine  
  47  5:23  SCV  
  47  5:26  Siege Tank  
  51  5:29  Orbital Command  
  51  5:31  Marine  
  51  5:35  SCV  
  52  5:47  SCV  
  52  5:49  Marine  
  50  6:07  Marine  
  50  6:08  Marine x2, Siege Tank  
  50  6:09  Combat Shield  
  56  6:12  SCV x2  
  58  6:23  Supply Depot  
  58  6:24  SCV x2  
  58  6:25  Marine  
  62  6:36  SCV x2  
  62  6:38  Engineering Bay  
  62  6:39  Medivac  
  65  6:40  Medivac, Engineering Bay  
  67  6:48  SCV  
  67  6:49  SCV  
  69  7:02  Marine x2  
  69  7:03  Siege Tank  
  69  7:05  SCV  
  75  7:09  Medivac  
  75  7:11  SCV, Supply Depot  
  75  7:13  Refinery  
  78  7:15  Refinery  
  78  7:32  Marine x2  
  78  7:33  SCV  
  78  7:34  SCV  
  78  7:36  Siege Tank  
  85  7:45  SCV  
  86  8:05  Marine  
  86  8:13  Marine  
  82  8:23  Marine  
  78  8:31  Marine  
  66  8:36  Siege Tank  
  66  8:37  Medivac x2, SCV  
  66  8:38  SCV  
  66  8:39  Terran Infantry Armor Level 1, Terran Infantry Weapons Level 1  
  66  8:40  Marine  
  68  8:43  Barracks, Supply Depot  
  68  8:44  Barracks  
  68  8:45  Barracks  
  66  8:48  Marine  
  66  8:54  Command Center  
  67  8:58  Marine  
  67  9:00  Concussive Shells  
  67  9:01  Armory  
  68  9:07  Medivac, Marauder  
  68  9:08  Siege Tank  
  68  9:09  SCV x2  
  77  9:10  Barracks, Supply Depot  
  77  9:16  Marine  
  78  9:28  Marine  
  79  9:34  Marine x2  
  79  9:35  Marine x2  
  83  9:45  Marine  
  83  9:52  Marine x3  
  85  9:53  Marine  
  86  10:02  Siege Tank  
  86  10:03  Marine  
  90  10:08  SCV x3  
  90  10:10  Marine x3, Marauder  
  98  10:17  Supply Depot  
  98  10:19  Terran Vehicle Weapons Level 1  
  98  10:21  Marine  
  98  10:23  Orbital Command  
  98  10:27  Medivac x2  
  98  10:28  Marine x3  
  103  10:31  Marine  
  103  10:34  Siege Tank  
  110  10:39  Marine  
  111  10:46  Marine x3  
  111  10:47  SCV  
  111  10:49  Marine  
  115  10:57  Marine, Medivac x2  
  115  11:01  SCV  
  115  11:04  Marine x3  
  122  11:07  Marine, Refinery  
  122  11:08  Refinery  
  125  11:57  Marine x2  
  125  12:07  Marine  
  125  12:21  Marine x3, Medivac, Supply Depot  
  125  12:22  Siege Tank, Marine, Medivac  
  136  12:25  Marine  
  135  12:39  Marine x3  
  135  12:40  Marine  
  135  12:43  Marine  
  137  12:51  Medivac  
  137  12:54  Siege Tank  
  137  12:57  Marine x4  
  146  13:00  Marine  
  122  13:05  Medivac  
  109  13:15  Marine x4  
  109  13:18  Marine  
  105  13:20  SCV x3  
  105  13:21  Medivac  
  105  13:26  Siege Tank  
  113  13:32  SCV x3  
  113  13:33  Marine  
  120  13:36  Marine, Viking  
  120  13:41  Starport  
  120  13:42  Barracks Reactor x3  
  120  13:49  SCV x3  
  120  13:51  Marine, Viking  
  120  13:54  Marine, Supply Depot  
  127  13:58  Siege Tank  
  127  13:59  Supply Depot  
  127  14:00  Supply Depot  
  130  14:06  Viking  
  130  14:09  Marine  
  133  14:12  Marine  
Show
View Real Time Build Order
Export as new Build Order

Euppy Terran 

Build Orders: Reaper Expand, Mech 

Get SALT Encoding   

  12  0:00  SCV  
  13  0:12  SCV  
  14  0:22  Supply Depot  
  14  0:24  SCV  
  15  0:44  SCV  
  15  0:48  Barracks  
  16  0:52  Refinery  
  16  0:56  SCV  
  17  1:08  SCV  
  18  1:20  SCV  
  19  1:36  Orbital Command, Reaper  
  20  1:49  Command Center  
  20  2:02  SCV, Supply Depot  
  20  2:08  Refinery, Barracks Reactor  
  21  2:14  SCV  
  22  2:26  SCV  
  23  2:30  Bunker  
  23  2:35  Factory  
  23  2:38  SCV  
  23  2:48  Marine x2  
  23  2:51  SCV  
  24  3:01  Orbital Command  
  24  3:04  SCV  
  25  3:22  Barracks Tech Lab  
  25  3:23  SCV, Starport  
  26  3:27  SCV  
  27  3:35  SCV, Widow Mine  
  27  3:36  Supply Depot  
  27  3:39  Widow Mine, SCV  
  33  3:44  Armory  
  33  3:47  SCV  
  34  3:52  SCV  
  35  3:56  Widow Mine  
  35  3:57  Barracks Tech Lab  
  35  3:59  SCV  
  35  4:00  Medivac  
  35  4:01  Widow Mine  
  42  4:04  SCV  
  42  4:06  Refinery  
  42  4:08  Refinery  
  43  4:11  SCV  
  44  4:18  Factory  
  44  4:22  SCV  
  44  4:23  SCV  
  46  4:34  SCV  
  46  4:36  Widow Mine x2, SCV  
  52  4:41  Medivac  
  54  4:51  Supply Depot x2  
  54  4:57  Widow Mine x2, SCV x2  
  60  5:08  Supply Depot  
  60  5:09  SCV x2  
  60  5:13  Siege Tank  
  60  5:34  SCV  
  60  5:35  SCV  
  50  5:46  SCV  
  50  5:47  SCV  
  47  5:59  SCV x2  
  47  6:03  Engineering Bay  
  49  6:11  SCV x2  
  49  6:19  Thor  
  49  6:23  SCV x2  
  59  6:35  SCV x2  
  59  6:36  Supply Depot  
  59  6:38  Missile Turret  
  61  6:40  Raven  
  61  6:47  SCV x2  
  61  6:59  SCV  
  60  7:02  SCV  
  60  7:05  Missile Turret  
  61  7:09  Siege Tank  
  61  7:11  SCV  
  61  7:12  Widow Mine  
  61  7:14  SCV  
  61  7:15  Widow Mine  
  70  7:23  SCV  
  70  7:29  SCV  
  72  7:35  SCV  
  67  7:39  Widow Mine x2  
  67  7:41  Siege Tank, SCV  
  75  7:47  SCV  
  75  7:49  Factory x2  
  76  8:05  Widow Mine x2  
  76  8:13  Siege Tank  
  77  8:32  SCV x2  
  79  8:44  Widow Mine, SCV x2  
  79  8:45  Siege Tank, Factory Tech Lab, Widow Mine  
  79  8:47  Factory Tech Lab  
  88  8:48  Supply Depot  
  88  8:49  Supply Depot  
  88  8:56  SCV, Supply Depot  
  88  8:57  Command Center, SCV, Supply Depot  
  90  9:08  SCV  
  91  9:10  Thor  
  91  9:12  Thor  
  91  9:15  Terran Vehicle Weapons Level 1  
  103  9:18  Siege Tank, Widow Mine  
  103  9:20  Widow Mine  
  110  9:30  SCV x2  
  112  9:42  Widow Mine x2, SCV x2  
  118  9:50  Widow Mine  
  120  9:54  Widow Mine  
  120  9:56  Refinery  
  122  10:01  Missile Turret x2  
  122  10:03  Refinery  
  122  10:04  Supply Depot  
  122  10:05  Supply Depot x2  
  122  10:07  Supply Depot  
  122  10:08  Orbital Command, Thor  
  122  10:11  Widow Mine  
  122  10:12  Widow Mine  
  132  10:17  Widow Mine  
  132  10:18  Widow Mine  
  136  10:32  Widow Mine  
  138  10:35  SCV  
  138  10:36  SCV x2  
  141  10:48  SCV x2  
  143  10:55  Siege Tank x3  
  152  11:17  SCV x2  
  154  11:27  Siege Tank x3  
  154  11:28  Starport  
  154  11:30  Command Center  
  154  11:31  Terran Vehicle Weapons Level 2  
  154  11:32  Starport, Fusion Core  
  163  11:42  Widow Mine x2  
  167  12:06  Starport Tech Lab  
  167  12:08  Starport Tech Lab  
  167  12:09  Starport  
  167  12:26  Siege Tank x2  
  173  12:30  Siege Tank  
  168  12:37  Missile Turret x2  
  168  12:38  Missile Turret  
  168  12:39  Missile Turret  
  173  12:45  Missile Turret  
  173  12:48  Missile Turret  
  173  12:56  Missile Turret  
  163  12:59  Missile Turret  
  157  13:05  Missile Turret  
  157  13:16  Missile Turret  
  157  13:18  Starport Tech Lab  
  157  13:23  Widow Mine x2  
  161  13:32  Missile Turret  
  161  13:36  Sensor Tower  
  161  13:37  Missile Turret  
  161  13:41  Siege Tank, Sensor Tower  
  164  13:42  Siege Tank  
  165  13:52  Missile Turret  
  165  13:55  Supply Depot  
  165  13:56  Supply Depot x2  
  165  14:04  Starport Tech Lab, Starport  
  165  14:08  Fusion Core  
Show
View Real Time Build Order
Export as new Build Order

FORTHEHORDE Protoss 

Build Orders: Oracle Opening 

Get SALT Encoding   

  12  0:00  Probe  
  13  0:12  Probe  
  14  0:18  Pylon  
  14  0:24  Probe  
  15  0:37  Gateway  
  15  0:40  Probe (Chrono Boost)  
  16  0:48  Assimilator  
  17  0:50  Probe (Chrono Boost)  
  17  0:55  Probe (Chrono Boost)  
  17  1:00  Assimilator  
  18  1:06  Probe  
  19  1:16  Pylon  
  19  1:19  Probe  
  20  1:26  Cybernetics Core  
  20  1:31  Probe  
  21  1:43  Probe (Chrono Boost)  
  22  1:52  Probe (Chrono Boost)  
  23  1:57  Probe  
  24  2:13  Probe  
  24  2:15  Nexus  
  25  2:20  Pylon  
  25  2:22  Warp Gate  
  25  2:33  Stargate  
  25  2:34  Probe  
  26  2:43  Adept  
  28  2:46  Probe  
  29  3:00  Probe  
  30  3:08  Shield Battery, Stargate  
  30  3:12  Probe  
  31  3:17  Oracle (Chrono Boost)  
  31  3:25  Probe  
  35  3:31  Probe (Chrono Boost)  
  36  3:38  Probe (Chrono Boost)  
  36  3:41  Pylon  
  37  3:43  Probe (Chrono Boost)  
  39  3:50  Probe (Chrono Boost)  
  39  3:52  Probe (Chrono Boost)  
  39  3:54  Probe (Chrono Boost)  
  40  3:56  Void Ray  
  40  3:57  Probe  
  46  4:04  Probe  
  46  4:07  Pylon  
  46  4:09  Probe  
  48  4:16  Probe  
  49  4:21  Probe  
  50  4:24  Void Ray  
  51  4:34  Assimilator  
  51  4:35  Assimilator, Probe  
  51  4:36  Probe  
  53  4:39  Void Ray  
  57  4:47  Probe  
  58  4:58  Probe  
  58  4:59  Probe  
  60  5:00  Nexus  
  60  5:02  Forge  
  60  5:11  Protoss Air Weapons Level 1 (Chrono Boost)  
  60  5:14  Probe  
  61  5:36  Photon Cannon  
  61  5:37  Photon Cannon  
  61  6:03  Void Ray x2  
  69  6:06  Pylon, Probe  
  69  6:10  Assimilator  
  70  6:11  Probe  
  70  6:15  Assimilator  
  70  6:17  Protoss Shields Level 1 (Chrono Boost)  
  71  6:18  Probe  
  71  6:23  Stargate x2  
  71  6:24  Probe  
  73  6:29  Fleet Beacon, Probe  
  73  6:30  Probe  
  75  6:36  Probe  
  76  6:41  Probe  
  76  6:43  Probe  
  78  6:48  Probe  
  78  6:53  Probe  
  80  6:56  Void Ray  
  80  6:58  Probe  
  80  7:00  Probe  
  86  7:03  Pylon  
  86  7:05  Probe  
  86  7:08  Void Ray  
  91  7:21  Void Ray  
  95  7:29  Probe x2  
  97  7:30  Flux Vanes  
  97  7:31  Photon Cannon  
  97  7:33  Protoss Air Weapons Level 2 (Chrono Boost)  
  101  7:44  Void Ray (Chrono Boost)  
  101  7:47  Void Ray (Chrono Boost)  
  93  7:58  Void Ray (Chrono Boost)  
  89  8:07  Void Ray (Chrono Boost)  
  78  8:23  Void Ray  
  78  8:24  Void Ray  
  74  8:36  Probe x3  
  76  8:42  Void Ray  
  76  8:48  Probe x3  
  83  8:52  Assimilator  
  83  8:54  Photon Cannon  
  83  8:55  Pylon  
  83  8:57  Photon Cannon  
  83  8:58  Void Ray  
  83  9:00  Probe x3  
  86  9:07  Void Ray  
  86  9:08  Nexus  
  94  9:11  Pylon  
  94  9:12  Probe x3  
  94  9:13  Void Ray  
  101  9:28  Shield Battery  
  97  9:31  Photon Cannon  
  93  9:42  Void Ray x2  
  93  9:45  Probe x2  
  103  9:52  Void Ray x2  
  111  9:53  Probe  
  111  9:56  Assimilator  
  111  9:57  Pylon, Probe x2  
  110  10:00  Assimilator  
  110  10:05  Probe  
  111  10:12  Pylon x2, Probe x2  
  113  10:17  Photon Cannon  
  113  10:18  Probe  
  113  10:19  Photon Cannon  
  113  10:20  Probe  
  115  10:22  Photon Cannon  
  115  10:24  Probe x2  
  117  10:30  Probe  
  118  10:36  Void Ray  
  118  10:37  Void Ray x2  
  126  10:58  Void Ray  
  126  10:59  Probe x2  
  132  11:05  Probe  
  133  11:14  Void Ray x2  
  141  11:41  Nexus  
  141  11:43  Void Ray x2  
  141  11:44  Pylon  
  149  11:47  Pylon  
  149  11:51  Pylon, Void Ray  
  149  11:53  Pylon  
  153  12:02  Void Ray  
  157  12:20  Void Ray x2  
  165  12:28  Void Ray  
  169  12:31  Assimilator  
  169  12:34  Assimilator  
  169  12:38  Photon Cannon  
  169  12:39  Void Ray  
  169  12:41  Photon Cannon  
  173  12:57  Void Ray x2  
  177  13:05  Void Ray  
  173  13:16  Void Ray  
  173  13:17  Probe (Chrono Boost)  
  178  13:23  Photon Cannon  
  178  13:24  Photon Cannon  
  178  13:26  Probe (Chrono Boost)  
  180  13:30  Probe (Chrono Boost)  
  180  13:34  Void Ray x2  
  180  13:36  Pylon  
  180  13:37  Probe (Chrono Boost)  
  189  13:41  Probe (Chrono Boost)  
  189  13:42  Void Ray  
  189  13:48  Twilight Council  
  194  13:52  Probe (Chrono Boost)  
  194  13:53  Void Ray  
  199  14:01  Probe (Chrono Boost)  
  200  14:06  Probe  
Tags
 
Add a new tag
Caveats
  • Supply blocks, unpowered buildings, or Contaminate may cause inaccurate times.
  • Supply counts are checked every 10 seconds.